Wild vs Avalanche

Created - March 25 2009 at 18:15

Goals
1 2 3 T
Wild 1 1 2 4
Avalanche 1 0 1 2
Shots
1 2 3 T
Wild 7 12 7 26
Avalanche 8 7 13 28

Period #1

1. Wild , Jan Hejda 1 (Craig Conroy, Viktor Kozlov) at 4:56
2. Avalanche , Jeremy Roenick 1 (Petr Sykora, Jeff Finger) at 13:57

Penalties :
Jan Hejda (MIN) for Slashing (Minor) at 1:28, Dustin Penner (COL) for Holding (Minor) at 5:42, David Backes (COL) for Hooking (Minor) at 8:47, Jan Hejda (MIN) for Roughing (Minor) at 8:47, Milan Michalek (MIN) for Hooking (Minor) at 11:31, David Backes (COL) for Interference (Minor) at 12:18, Derian Hatcher (MIN) for Diving (Minor) at 12:38

Period #2

3. Wild , Craig Conroy 2 (Viktor Kozlov, Jay McKee) at 14:22

Penalties :
Craig Conroy (MIN) for Hooking (Minor) at 7:42, Derian Hatcher (MIN) for Interference (Minor) at 10:32, Derian Hatcher (MIN) for Hooking (Minor) at 15:55, Jeff Finger (COL) for Holding (Minor) at 18:21, Stephane Robidas (MIN) for Interference (Minor) at 18:21, Michal Rozsival (MIN) for Hooking (Minor) at 18:30

Period #3

4. Wild , Derian Hatcher 1 (Milan Michalek, Olli Jokinen) at 1:41
5. Avalanche , Jeremy Roenick 2 (Martin Hanzal) at 11:18
6. Wild , Jay McKee 1 (Craig Conroy, Viktor Kozlov) at 19:59 (Empty Net)

Penalties :
Craig Conroy (MIN) for Hooking (Minor) at 1:42, Tim Gleason (COL) for Roughing (Minor) at 5:54, Derian Hatcher (MIN) for Slashing (Minor) at 9:04, Jeff Finger (COL) for High sticking (Minor) at 13:25, Jay McKee (MIN) for Hooking (Minor) at 16:56

Goalie Stats

Manny Legace (MIN), 26 saves from 28 shots - (0.929), W, 3-0-0, 60:00 minutes
Jason LaBarbera (COL), 22 saves from 25 shots - (0.880), L, 0-3-0, 59:04 minutes

Players Stats

Wild
Player Name              G  A  P  +/- PIM S  H  SB FO MP 
-----------------------------------------------------------
Alexei Ponikarovsky      0  0  0   0  0   3  1  0  0  13 
Bobby Holik              0  0  0   0  0   1  1  0  17 14 
Craig Conroy             1  2  3   3  4   2  0  0  17 17 
Darcy Tucker             0  0  0   0  0   0  0  0  1  5  
Derian Hatcher           1  0  1   0  8   2  5  0  0  20 
Jan Hejda                1  0  1   3  4   1  4  2  0  20 
Jay McKee                1  1  2   3  2   2  0  2  0  18 
Jozef Stumpel            0  0  0   3  0   1  1  0  1  18 
Marian Gaborik           0  0  0   0  0   1  3  0  4  17 
Martin Gelinas           0  0  0   0  0   0  0  0  0  13 
Mats Sundin              0  0  0   0  0   5  0  0  18 17 
Michal Rozsival          0  0  0   0  2   2  1  4  0  22 
Milan Hejduk             0  0  0  -1  0   2  0  0  3  15 
Milan Michalek           0  1  1   0  2   0  1  0  0  14 
Olli Jokinen             0  1  1  -1  0   2  2  0  20 16 
Paul Ranger              0  0  0   0  0   0  2  1  0  23 
Stephane Robidas         0  0  0  -2  2   0  0  1  0  21 
Viktor Kozlov            0  3  3   3  0   2  1  0  3  10 
Avalanche
Player Name              G  A  P  +/- PIM S  H  SB FO MP 
-----------------------------------------------------------
Andrew Cogliano          0  0  0  -1  0   0  0  0  0  6  
David Backes             0  0  0  -2  4   1  1  0  14 16 
David Krejci             0  0  0   0  0   1  0  0  0  3  
Dustin Penner            0  0  0   0  2   3  0  0  2  17 
Jeff Finger              0  1  1   1  4   2  2  1  0  19 
Jeremy Roenick           2  0  2   1  0   6  0  0  7  20 
Jiri Hudler              0  0  0  -1  0   0  0  0  0  6  
Joe Corvo                0  0  0  -2  0   1  1  2  0  23 
Joni Pitkanen            0  0  0   0  0   0  1  2  0  23 
Karlis Skrastins         0  0  0   0  0   1  0  0  0  18 
Mark Recchi              0  0  0  -2  0   0  1  0  3  23 
Martin Hanzal            0  1  1   0  0   2  0  1  17 17 
Nigel Dawes              0  0  0   0  0   0  1  0  1  15 
Petr Sykora              0  1  1  -1  0   3  0  0  7  19 
Randy Jones              0  0  0  -1  0   1  1  1  0  20 
Robert Lang              0  0  0  -1  0   3  2  0  33 23 
Tim Gleason              0  0  0  -2  2   1  0  0  0  22 
Wojtek Wolski            0  0  0   0  0   3  2  0  0  16 

3 Stars

1 - Craig Conroy (MIN)
2 - Viktor Kozlov (MIN)
3 - Jan Hejda (MIN)

Power Play

Wild - 0 on 4 Attempt(s) - 0.00%
Avalanche - 0 on 10 Attempt(s) - 0.00%

Penalty Kill

Wild - 10 on 10 Attempt(s) - 100.00% - Score 0 goal in Penalty Kill
Avalanche - 4 on 4 Attempt(s) - 100.00% - Score 0 goal in Penalty Kill

Game Notes

Jay McKee has scored in a empty net!

Finance

Level 1 -- Attendance: 5370 (89.50%) -- Ticket Income $483,300.00
Level 2 -- Attendance: 3701 (74.02%) -- Ticket Income $222,060.00
Level 3 -- Attendance: 1499 (74.69%) -- Ticket Income $52,465.00
Level 4 -- Attendance: 2760 (69.00%) -- Ticket Income $69,000.00
Luxury Box -- Attendance: 718 (71.80%) -- Ticket Income $143,600.00
Game was played at the Pepsi Center
Total Attendance: 14048 (78.01%)
Total Ticket Income: $1,047,776.00
Other Income: $314,332.89
Total Income: $1,362,109.00


Play by Play

Period #1

0:01 of 1st period - Olli Jokinen wins face-off versus David Backes in neutral zone.
0:46 of 1st period - Icing by Paul Ranger.
0:47 of 1st period - Olli Jokinen wins face-off versus Robert Lang in Wild zone.
1:22 of 1st period - Shot by Robert Lang.
1:22 of 1st period - Stopped by Manny Legace without a rebound.
1:23 of 1st period - Martin Hanzal wins face-off versus Craig Conroy in Wild zone.
1:23 of 1st period - Jeremy Roenick is hit by Jan Hejda.
1:26 of 1st period - Nigel Dawes is hit by Jan Hejda and loses puck.
1:28 of 1st period - Minor Penalty to Jan Hejda for Slashing.
1:29 of 1st period - Craig Conroy wins face-off versus David Backes in Wild zone.
1:44 of 1st period - Shot by Joe Corvo.
1:44 of 1st period - Shot Hit the Post.
1:46 of 1st period - Shot by David Backes.
1:46 of 1st period - Stopped by Manny Legace without a rebound.
1:47 of 1st period - Bobby Holik wins face-off versus Robert Lang in Wild zone.
2:04 of 1st period - Jay McKee is hit by Wojtek Wolski and loses puck.
3:43 of 1st period - Shot by Jeremy Roenick.
3:43 of 1st period - Stopped by Manny Legace without a rebound.
3:44 of 1st period - Olli Jokinen wins face-off versus Jeremy Roenick in Wild zone.
4:05 of 1st period - Shot by Jeremy Roenick.
4:05 of 1st period - Stopped by Manny Legace without a rebound.
4:06 of 1st period - David Backes wins face-off versus Mats Sundin in Wild zone.
4:46 of 1st period - Off-side.
4:47 of 1st period - Craig Conroy wins face-off versus Robert Lang in neutral zone.
4:54 of 1st period - Shot by Craig Conroy.
4:54 of 1st period - Shot Blocked by Jeff Finger.
4:56 of 1st period - Shot by Jan Hejda.
4:56 of 1st period - Goal by Jan Hejda - Wild : 1 - Avalanche : 0.
4:57 of 1st period - Marian Gaborik wins face-off versus Martin Hanzal in neutral zone.
5:04 of 1st period - Jeff Finger is hit by Olli Jokinen.
5:14 of 1st period - Icing by Derian Hatcher.
5:15 of 1st period - Olli Jokinen wins face-off versus Robert Lang in Wild zone.
5:15 of 1st period - Olli Jokinen is hit by Wojtek Wolski.
5:42 of 1st period - Minor Penalty to Dustin Penner for Holding.
5:43 of 1st period - Mats Sundin wins face-off versus Robert Lang in neutral zone.
5:48 of 1st period - Shot by Alexei Ponikarovsky.
5:48 of 1st period - Stopped by Jason LaBarbera without a rebound.
5:49 of 1st period - Martin Hanzal wins face-off versus Mats Sundin in Avalanche zone.
6:35 of 1st period - Icing by Olli Jokinen.
6:36 of 1st period - Jeremy Roenick wins face-off versus Olli Jokinen in Wild zone.
7:28 of 1st period - Off-side.
7:29 of 1st period - Olli Jokinen wins face-off versus Martin Hanzal in neutral zone.
7:42 of 1st period - Shot by Marian Gaborik.
7:42 of 1st period - Stopped by Jason LaBarbera without a rebound.
7:43 of 1st period - Robert Lang wins face-off versus Viktor Kozlov in Avalanche zone.
7:43 of 1st period - Andrew Cogliano is hit by Viktor Kozlov and loses puck.
8:03 of 1st period - Jan Hejda is hit by Robert Lang.
8:47 of 1st period - Minor Penalty to David Backes for Hooking.
8:47 of 1st period - Minor Penalty to Jan Hejda for Roughing.
8:48 of 1st period - Olli Jokinen wins face-off versus Petr Sykora in Wild zone.
10:43 of 1st period - Shot by Michal Rozsival.
10:43 of 1st period - Shot Blocked by Joe Corvo.
10:45 of 1st period - Shot by Michal Rozsival.
10:45 of 1st period - Shot Misses the Net.
11:05 of 1st period - Shot by Jozef Stumpel.
11:05 of 1st period - Stopped by Jason LaBarbera without a rebound.
11:06 of 1st period - David Backes wins face-off versus Bobby Holik in Avalanche zone.
11:06 of 1st period - David Backes is hit by Bobby Holik.
11:15 of 1st period - Petr Sykora is hit by Michal Rozsival and loses puck.
11:24 of 1st period - Shot by Bobby Holik.
11:24 of 1st period - Stopped by Jason LaBarbera without a rebound.
11:25 of 1st period - Olli Jokinen wins face-off versus Martin Hanzal in Avalanche zone.
11:30 of 1st period - Shot by Olli Jokinen.
11:30 of 1st period - Shot Hit the Post.
11:31 of 1st period - Minor Penalty to Milan Michalek for Hooking.
11:32 of 1st period - Robert Lang wins face-off versus Craig Conroy in Avalanche zone.
12:18 of 1st period - Minor Penalty to David Backes for Interference.
12:19 of 1st period - Mats Sundin wins face-off versus Jeremy Roenick in neutral zone.
12:38 of 1st period - Minor Penalty to Derian Hatcher for Diving.
12:39 of 1st period - Robert Lang wins face-off versus Bobby Holik in Wild zone.
12:46 of 1st period - Shot by Robert Lang.
12:46 of 1st period - Stopped by Manny Legace without a rebound.
12:47 of 1st period - Robert Lang wins face-off versus Bobby Holik in Wild zone.
13:43 of 1st period - Shot by Petr Sykora.
13:43 of 1st period - Shot Misses the Net.
13:47 of 1st period - Shot by Joni Pitkanen.
13:47 of 1st period - Shot Misses the Net.
13:51 of 1st period - Shot by Jeremy Roenick.
13:51 of 1st period - Shot Blocked by Stephane Robidas.
13:55 of 1st period - Shot by Petr Sykora.
13:55 of 1st period - Deflect By Jeremy Roenick.
13:55 of 1st period - Shot Misses the Net.
13:57 of 1st period - Shot by Jeremy Roenick.
13:57 of 1st period - Goal by Jeremy Roenick - Wild : 1 - Avalanche : 1.
13:58 of 1st period - Mats Sundin wins face-off versus Petr Sykora in neutral zone.
15:04 of 1st period - Shot by Martin Hanzal.
15:04 of 1st period - Stopped by Manny Legace without a rebound.
15:05 of 1st period - Mats Sundin wins face-off versus Robert Lang in Wild zone.
15:24 of 1st period - Shot by Milan Hejduk.
15:24 of 1st period - Deflect By Alexei Ponikarovsky.
15:24 of 1st period - Stopped by Jason LaBarbera with a rebound.
15:26 of 1st period - Shot by Mats Sundin.
15:26 of 1st period - Shot Misses the Net.
15:28 of 1st period - Shot by Mats Sundin.
15:28 of 1st period - Stopped by Jason LaBarbera without a rebound.
15:29 of 1st period - David Backes wins face-off versus Viktor Kozlov in Avalanche zone.
15:40 of 1st period - Shot by Petr Sykora.
15:40 of 1st period - Shot Misses the Net.
16:05 of 1st period - Shot by Viktor Kozlov.
16:05 of 1st period - Shot Misses the Net.
16:12 of 1st period - Off-side.
16:13 of 1st period - Mats Sundin wins face-off versus Nigel Dawes in neutral zone.
16:34 of 1st period - Alexei Ponikarovsky is hit by Nigel Dawes.
16:51 of 1st period - Icing by Nigel Dawes.
16:52 of 1st period - Jeremy Roenick wins face-off versus Olli Jokinen in Avalanche zone.
16:52 of 1st period - Jeremy Roenick is hit by Marian Gaborik.
19:41 of 1st period - Shot by Jeremy Roenick.
19:41 of 1st period - Shot Misses the Net.
19:45 of 1st period - Shot by Martin Hanzal.
19:45 of 1st period - Stopped by Manny Legace without a rebound.
19:46 of 1st period - Martin Hanzal wins face-off versus Olli Jokinen in Wild zone.
19:52 of 1st period - Jeremy Roenick is hit by Derian Hatcher.

Period #2

0:01 of 2nd period - David Backes wins face-off versus Marian Gaborik in neutral zone.
0:55 of 2nd period - Off-side.
0:56 of 2nd period - Mats Sundin wins face-off versus Martin Hanzal in neutral zone.
0:59 of 2nd period - Shot by Mats Sundin.
0:59 of 2nd period - Stopped by Jason LaBarbera without a rebound.
1:00 of 2nd period - Craig Conroy wins face-off versus Jeremy Roenick in Avalanche zone.
1:03 of 2nd period - Shot by Viktor Kozlov.
1:03 of 2nd period - Shot Misses the Net.
1:11 of 2nd period - Shot by Jeff Finger.
1:11 of 2nd period - Shot Blocked by Jan Hejda.
1:15 of 2nd period - Shot by Jeremy Roenick.
1:15 of 2nd period - Stopped by Manny Legace without a rebound.
1:16 of 2nd period - Mats Sundin wins face-off versus Robert Lang in Wild zone.
1:29 of 2nd period - Shot by Milan Hejduk.
1:29 of 2nd period - Shot Misses the Net.
1:45 of 2nd period - Shot by Mats Sundin.
1:45 of 2nd period - Deflect By Milan Hejduk.
1:45 of 2nd period - Shot Misses the Net.
1:47 of 2nd period - Shot by Alexei Ponikarovsky.
1:47 of 2nd period - Stopped by Jason LaBarbera with a rebound.
3:22 of 2nd period - Shot by Karlis Skrastins.
3:22 of 2nd period - Stopped by Manny Legace without a rebound.
3:23 of 2nd period - Bobby Holik wins face-off versus Robert Lang in Wild zone.
3:31 of 2nd period - Darcy Tucker is hit by Joe Corvo and loses puck.
3:40 of 2nd period - Shot by Darcy Tucker.
3:40 of 2nd period - Shot Blocked by Joni Pitkanen.
3:42 of 2nd period - Shot by Michal Rozsival.
3:42 of 2nd period - Stopped by Jason LaBarbera without a rebound.
3:43 of 2nd period - Olli Jokinen wins face-off versus Martin Hanzal in Avalanche zone.
4:29 of 2nd period - Tim Gleason is hit by Olli Jokinen and loses puck.
4:44 of 2nd period - Shot by Petr Sykora.
4:44 of 2nd period - Shot Misses the Net.
4:48 of 2nd period - Shot by Petr Sykora.
4:48 of 2nd period - Stopped by Manny Legace without a rebound.
4:49 of 2nd period - Robert Lang wins face-off versus Bobby Holik in Wild zone.
5:06 of 2nd period - Icing by Robert Lang.
5:07 of 2nd period - Viktor Kozlov wins face-off versus Robert Lang in Avalanche zone.
5:26 of 2nd period - Shot by Wojtek Wolski.
5:26 of 2nd period - Stopped by Manny Legace without a rebound.
5:27 of 2nd period - Petr Sykora wins face-off versus Milan Hejduk in Wild zone.
5:42 of 2nd period - Shot by Milan Hejduk.
5:42 of 2nd period - Shot Blocked by Joe Corvo.
5:44 of 2nd period - Shot by Michal Rozsival.
5:44 of 2nd period - Stopped by Jason LaBarbera without a rebound.
5:45 of 2nd period - Martin Hanzal wins face-off versus Olli Jokinen in Avalanche zone.
5:47 of 2nd period - Jeremy Roenick is hit by Marian Gaborik.
6:05 of 2nd period - Jeremy Roenick is hit by Derian Hatcher and loses puck.
6:12 of 2nd period - Karlis Skrastins is hit by Milan Michalek and loses puck.
6:52 of 2nd period - Shot by Craig Conroy.
6:52 of 2nd period - Shot Misses the Net.
6:56 of 2nd period - Shot by Jan Hejda.
6:56 of 2nd period - Shot Misses the Net.
6:58 of 2nd period - Shot by Jay McKee.
6:58 of 2nd period - Stopped by Jason LaBarbera without a rebound.
6:59 of 2nd period - Mats Sundin wins face-off versus Robert Lang in Avalanche zone.
6:59 of 2nd period - Mats Sundin is hit by Randy Jones.
7:17 of 2nd period - Shot by Mats Sundin.
7:17 of 2nd period - Stopped by Jason LaBarbera without a rebound.
7:18 of 2nd period - Petr Sykora wins face-off versus Bobby Holik in Avalanche zone.
7:30 of 2nd period - Off-side.
7:31 of 2nd period - Robert Lang wins face-off versus Craig Conroy in neutral zone.
7:42 of 2nd period - Minor Penalty to Craig Conroy for Hooking.
7:43 of 2nd period - Bobby Holik wins face-off versus David Backes in Avalanche zone.
8:17 of 2nd period - Shot by Joe Corvo.
8:17 of 2nd period - Shot Blocked by Paul Ranger.
8:19 of 2nd period - Shot by Tim Gleason.
8:19 of 2nd period - Shot Misses the Net.
9:05 of 2nd period - Shot by Randy Jones.
9:05 of 2nd period - Shot Hit the Post.
9:46 of 2nd period - Icing by Michal Rozsival.
9:47 of 2nd period - Mats Sundin wins face-off versus Martin Hanzal in Wild zone.
10:11 of 2nd period - Shot by Milan Hejduk.
10:11 of 2nd period - Stopped by Jason LaBarbera without a rebound.
10:12 of 2nd period - Dustin Penner wins face-off versus Olli Jokinen in Avalanche zone.
10:12 of 2nd period - Dustin Penner is hit by Marian Gaborik.
10:32 of 2nd period - Minor Penalty to Derian Hatcher for Interference.
10:33 of 2nd period - David Backes wins face-off versus Bobby Holik in Wild zone.
10:33 of 2nd period - David Backes is hit by Paul Ranger.
10:53 of 2nd period - Craig Conroy is hit by David Backes and loses puck.
11:11 of 2nd period - Off-side.
11:12 of 2nd period - Robert Lang wins face-off versus Bobby Holik in neutral zone.
13:46 of 2nd period - Shot by Olli Jokinen.
13:46 of 2nd period - Stopped by Jason LaBarbera without a rebound.
13:47 of 2nd period - David Backes wins face-off versus Craig Conroy in Avalanche zone.
13:52 of 2nd period - Shot by Dustin Penner.
13:52 of 2nd period - Stopped by Manny Legace without a rebound.
13:53 of 2nd period - Martin Hanzal wins face-off versus Craig Conroy in Wild zone.
13:53 of 2nd period - Jeremy Roenick is hit by Jan Hejda and loses puck.
14:16 of 2nd period - Shot by Viktor Kozlov.
14:16 of 2nd period - Deflect By Craig Conroy.
14:16 of 2nd period - Shot Misses the Net.
14:20 of 2nd period - Shot by Viktor Kozlov.
14:20 of 2nd period - Stopped by Jason LaBarbera with a rebound.
14:22 of 2nd period - Shot by Craig Conroy.
14:22 of 2nd period - Goal by Craig Conroy - Wild : 2 - Avalanche : 1.
14:23 of 2nd period - David Backes wins face-off versus Olli Jokinen in neutral zone.
14:33 of 2nd period - David Backes is hit by Derian Hatcher and loses puck.
14:48 of 2nd period - Shot by Petr Sykora.
14:48 of 2nd period - Stopped by Manny Legace without a rebound.
14:49 of 2nd period - Mats Sundin wins face-off versus Robert Lang in Wild zone.
15:20 of 2nd period - Shot by Wojtek Wolski.
15:20 of 2nd period - Shot Blocked by Michal Rozsival.
15:35 of 2nd period - Off-side.
15:36 of 2nd period - Olli Jokinen wins face-off versus Martin Hanzal in neutral zone.
15:51 of 2nd period - Jeff Finger is hit by Derian Hatcher and loses puck.
15:55 of 2nd period - Minor Penalty to Derian Hatcher for Hooking.
15:56 of 2nd period - David Backes wins face-off versus Craig Conroy in Wild zone.
16:47 of 2nd period - Shot by Robert Lang.
16:47 of 2nd period - Stopped by Manny Legace without a rebound.
16:48 of 2nd period - Jozef Stumpel wins face-off versus Robert Lang in Wild zone.
16:56 of 2nd period - Icing by Randy Jones.
16:57 of 2nd period - Robert Lang wins face-off versus Craig Conroy in Avalanche zone.
18:05 of 2nd period - Shot by Milan Michalek.
18:05 of 2nd period - Shot Hit the Post.
18:07 of 2nd period - Shot by Derian Hatcher.
18:07 of 2nd period - Stopped by Jason LaBarbera without a rebound.
18:08 of 2nd period - Mats Sundin wins face-off versus Martin Hanzal in Avalanche zone.
18:08 of 2nd period - Mats Sundin is hit by Jeff Finger.
18:12 of 2nd period - Shot by Milan Hejduk.
18:12 of 2nd period - Shot Blocked by Martin Hanzal.
18:14 of 2nd period - Shot by Mats Sundin.
18:14 of 2nd period - Stopped by Jason LaBarbera with a rebound.
18:21 of 2nd period - Minor Penalty to Jeff Finger for Holding.
18:21 of 2nd period - Minor Penalty to Stephane Robidas for Interference.
18:22 of 2nd period - Mats Sundin wins face-off versus Petr Sykora in Avalanche zone.
18:30 of 2nd period - Minor Penalty to Michal Rozsival for Hooking.
18:31 of 2nd period - Petr Sykora wins face-off versus Bobby Holik in Wild zone.
19:13 of 2nd period - Icing by Robert Lang.
19:14 of 2nd period - Robert Lang wins face-off versus Bobby Holik in Avalanche zone.
19:16 of 2nd period - Icing by Joe Corvo.
19:17 of 2nd period - Bobby Holik wins face-off versus Robert Lang in Avalanche zone.

Period #3

0:01 of 3rd period - Robert Lang wins face-off versus Craig Conroy in neutral zone.
0:12 of 3rd period - Bobby Holik is hit by Mark Recchi and loses puck.
0:41 of 3rd period - Nigel Dawes is hit by Alexei Ponikarovsky and loses puck.
1:39 of 3rd period - Shot by Milan Michalek.
1:39 of 3rd period - Shot Misses the Net.
1:41 of 3rd period - Shot by Derian Hatcher.
1:41 of 3rd period - Goal by Derian Hatcher - Wild : 3 - Avalanche : 1.
1:42 of 3rd period - Robert Lang wins face-off versus Craig Conroy in neutral zone.
1:42 of 3rd period - Minor Penalty to Craig Conroy for Hooking.
1:43 of 3rd period - Robert Lang wins face-off versus Marian Gaborik in neutral zone.
2:10 of 3rd period - Shot by Wojtek Wolski.
2:10 of 3rd period - Shot Misses the Net.
2:12 of 3rd period - Shot by Dustin Penner.
2:12 of 3rd period - Stopped by Manny Legace without a rebound.
2:13 of 3rd period - Mats Sundin wins face-off versus David Backes in Wild zone.
3:18 of 3rd period - Shot by Wojtek Wolski.
3:18 of 3rd period - Shot Misses the Net.
3:20 of 3rd period - Shot by Robert Lang.
3:20 of 3rd period - Shot Blocked by Jan Hejda.
3:22 of 3rd period - Shot by Joni Pitkanen.
3:22 of 3rd period - Shot Misses the Net.
3:24 of 3rd period - Shot by Joni Pitkanen.
3:24 of 3rd period - Shot Misses the Net.
3:26 of 3rd period - Shot by Robert Lang.
3:26 of 3rd period - Shot Blocked by Jay McKee.
3:28 of 3rd period - Shot by Wojtek Wolski.
3:28 of 3rd period - Stopped by Manny Legace without a rebound.
3:29 of 3rd period - Bobby Holik wins face-off versus David Backes in Wild zone.
4:10 of 3rd period - Shot by Martin Hanzal.
4:10 of 3rd period - Deflect By Jeremy Roenick.
4:10 of 3rd period - Shot Blocked by Michal Rozsival.
4:12 of 3rd period - Shot by Jeff Finger.
4:12 of 3rd period - Stopped by Manny Legace without a rebound.
4:13 of 3rd period - Robert Lang wins face-off versus Olli Jokinen in Wild zone.
5:01 of 3rd period - Shot by Jeremy Roenick.
5:01 of 3rd period - Shot Misses the Net.
5:54 of 3rd period - Minor Penalty to Tim Gleason for Roughing.
5:55 of 3rd period - Mats Sundin wins face-off versus Robert Lang in Avalanche zone.
6:35 of 3rd period - Shot by Mats Sundin.
6:35 of 3rd period - Stopped by Jason LaBarbera without a rebound.
6:36 of 3rd period - Olli Jokinen wins face-off versus Jeremy Roenick in Avalanche zone.
6:41 of 3rd period - Shot by Marian Gaborik.
6:41 of 3rd period - Shot Misses the Net.
6:43 of 3rd period - Shot by Paul Ranger.
6:43 of 3rd period - Shot Misses the Net.
6:51 of 3rd period - Shot by Olli Jokinen.
6:51 of 3rd period - Shot Misses the Net.
7:18 of 3rd period - Icing by Michal Rozsival.
7:19 of 3rd period - Robert Lang wins face-off versus Mats Sundin in Wild zone.
7:22 of 3rd period - Shot by Petr Sykora.
7:22 of 3rd period - Stopped by Manny Legace without a rebound.
7:23 of 3rd period - Milan Hejduk wins face-off versus Robert Lang in Wild zone.
7:48 of 3rd period - Shot by Milan Hejduk.
7:48 of 3rd period - Stopped by Jason LaBarbera without a rebound.
7:49 of 3rd period - Martin Hanzal wins face-off versus Marian Gaborik in Avalanche zone.
8:04 of 3rd period - Shot by Viktor Kozlov.
8:04 of 3rd period - Stopped by Jason LaBarbera with a rebound.
8:06 of 3rd period - Shot by Craig Conroy.
8:06 of 3rd period - Deflect By Viktor Kozlov.
8:06 of 3rd period - Shot Blocked by Joni Pitkanen.
8:12 of 3rd period - Shot by Craig Conroy.
8:12 of 3rd period - Stopped by Jason LaBarbera without a rebound.
8:13 of 3rd period - Bobby Holik wins face-off versus Martin Hanzal in Avalanche zone.
9:04 of 3rd period - Minor Penalty to Derian Hatcher for Slashing.
9:05 of 3rd period - Robert Lang wins face-off versus Craig Conroy in Wild zone.
9:29 of 3rd period - Shot by Randy Jones.
9:29 of 3rd period - Shot Blocked by Jay McKee.
9:31 of 3rd period - Shot by Randy Jones.
9:31 of 3rd period - Stopped by Manny Legace with a rebound.
9:33 of 3rd period - Shot by Dustin Penner.
9:33 of 3rd period - Stopped by Manny Legace without a rebound.
9:34 of 3rd period - Bobby Holik wins face-off versus David Backes in Wild zone.
10:01 of 3rd period - Shot by Joe Corvo.
10:01 of 3rd period - Stopped by Manny Legace with a rebound.
11:14 of 3rd period - Shot by Jeff Finger.
11:14 of 3rd period - Deflect By Nigel Dawes.
11:14 of 3rd period - Shot Misses the Net.
11:16 of 3rd period - Shot by Jeremy Roenick.
11:16 of 3rd period - Stopped by Manny Legace without a rebound.
11:17 of 3rd period - Martin Hanzal wins face-off versus Olli Jokinen in Wild zone.
11:18 of 3rd period - Shot by Jeremy Roenick.
11:18 of 3rd period - Goal by Jeremy Roenick - Wild : 3 - Avalanche : 2.
11:19 of 3rd period - Olli Jokinen wins face-off versus Martin Hanzal in neutral zone.
12:09 of 3rd period - Andrew Cogliano is hit by Jan Hejda.
12:43 of 3rd period - Icing by Jay McKee.
12:44 of 3rd period - Craig Conroy wins face-off versus Mark Recchi in Wild zone.
13:09 of 3rd period - Dustin Penner is hit by Jozef Stumpel and loses puck.
13:25 of 3rd period - Minor Penalty to Jeff Finger for High sticking.
13:26 of 3rd period - Olli Jokinen wins face-off versus Robert Lang in Avalanche zone.
13:41 of 3rd period - Shot by Milan Michalek.
13:41 of 3rd period - Shot Blocked by Randy Jones.
13:45 of 3rd period - Shot by Olli Jokinen.
13:45 of 3rd period - Stopped by Jason LaBarbera without a rebound.
13:46 of 3rd period - Robert Lang wins face-off versus Milan Hejduk in Avalanche zone.
13:52 of 3rd period - Icing by Alexei Ponikarovsky.
13:53 of 3rd period - Jeremy Roenick wins face-off versus Mats Sundin in Wild zone.
14:20 of 3rd period - Shot by Milan Hejduk.
14:20 of 3rd period - Shot Misses the Net.
15:22 of 3rd period - Derian Hatcher is hit by Robert Lang and loses puck.
15:30 of 3rd period - Icing by Michal Rozsival.
15:31 of 3rd period - Darcy Tucker wins face-off versus Dustin Penner in Wild zone.
15:37 of 3rd period - Michal Rozsival is hit by Jeff Finger and loses puck.
16:50 of 3rd period - Craig Conroy is hit by Joni Pitkanen and loses puck.
16:56 of 3rd period - Minor Penalty to Jay McKee for Hooking.
16:57 of 3rd period - Bobby Holik wins face-off versus Mark Recchi in Wild zone.
17:05 of 3rd period - Mark Recchi is hit by Derian Hatcher and loses puck.
17:16 of 3rd period - Shot by David Krejci.
17:16 of 3rd period - Stopped by Manny Legace without a rebound.
17:17 of 3rd period - Mark Recchi wins face-off versus Craig Conroy in Wild zone.
17:18 of 3rd period - Shot by Wojtek Wolski.
17:18 of 3rd period - Stopped by Manny Legace without a rebound.
17:19 of 3rd period - Robert Lang wins face-off versus Craig Conroy in Wild zone.
17:32 of 3rd period - Shot by Robert Lang.
17:32 of 3rd period - Shot Misses the Net.
18:28 of 3rd period - Petr Sykora is hit by Paul Ranger and loses puck.
19:03 of 3rd period - Avalanche, Jason LaBarbera is pulled from the net.
19:25 of 3rd period - Shot by Martin Hanzal.
19:25 of 3rd period - Shot Blocked by Michal Rozsival.
19:27 of 3rd period - Shot by Jeff Finger.
19:27 of 3rd period - Stopped by Manny Legace with a rebound.
19:31 of 3rd period - Shot by Martin Hanzal.
19:31 of 3rd period - Deflect By Jeremy Roenick.
19:31 of 3rd period - Shot Misses the Net.
19:33 of 3rd period - Shot by Jeff Finger.
19:33 of 3rd period - Shot Misses the Net.
19:43 of 3rd period - Shot by Mark Recchi.
19:43 of 3rd period - Shot Blocked by Michal Rozsival.
19:45 of 3rd period - Shot by Tim Gleason.
19:45 of 3rd period - Stopped by Manny Legace without a rebound.
19:46 of 3rd period - Petr Sykora wins face-off versus Craig Conroy in Wild zone.
19:57 of 3rd period - Shot by Craig Conroy.
19:57 of 3rd period - Shot Misses the Net.
19:59 of 3rd period - Shot by Jay McKee.
19:59 of 3rd period - Goal by Jay McKee - Wild : 4 - Avalanche : 2.
19:59 of 3rd period - Jason LaBarbera from Avalanche was sent back in the game.


Output by the SimonT Hockey Simulator (STHS) for Stephane Roy -- Original Page W3C XHTML 1.0 Valid